Map: Pillars of Gold LE

Players

seRRal - Winner!

  • Race: Zerg Zerg
  • Spawn Location: 7:00

cure

  • Race: Terran Terran
  • Spawn Location: 1:00

Event: StayAtHome Story Cup #3

VOD

Have the link to the VOD?

Description

Time

  • Played on: March 14, 2021, 1:12 p.m.
  • Length: 13:00

All games in this series

Show
View Real Time Build Order
Export as new Build Order

seRRal Zerg - Winner!

Build Orders: Hatch First 

Get SALT Encoding   

  12  0:00  Drone  
  13  0:12  Overlord  
  13  0:18  Drone  
  14  0:31  Drone x2  
  16  0:50  Hatchery  
  16  0:53  Drone  
  16  0:56  Drone  
  17  1:00  Drone  
  18  1:09  Extractor  
  17  1:15  Spawning Pool  
  16  1:18  Drone  
  16  1:22  Drone  
  18  1:28  Drone  
  19  1:39  Drone  
  20  1:49  Drone  
  21  2:01  Queen  
  21  2:02  Queen, Zergling x2  
  21  2:03  Zergling x2  
  27  2:12  Overlord  
  27  2:13  Drone  
  27  2:14  Metabolic Boost  
  28  2:22  Extractor  
  27  2:28  Drone  
  28  2:34  Drone  
  28  2:35  Drone x2  
  31  2:38  Spore Crawler  
  32  2:45  Hatchery  
  31  2:53  Queen  
  31  2:58  Overlord  
  33  3:02  Pneumatized Carapace  
  33  3:05  Drone  
  34  3:07  Drone  
  34  3:09  Drone  
  36  3:17  Drone x3  
  36  3:19  Drone  
  40  3:21  Drone  
  41  3:27  Overlord  
  41  3:29  Drone  
  41  3:30  Drone  
  43  3:38  Extractor, Queen  
  45  3:43  Overlord  
  45  3:47  Queen  
  45  3:48  Drone  
  48  3:53  Overlord  
  48  3:56  Queen  
  48  4:00  Drone x2  
  48  4:02  Zergling x4  
  54  4:04  Drone  
  54  4:06  Drone  
  54  4:09  Drone  
  57  4:10  Drone  
  57  4:14  Queen  
  57  4:16  Drone  
  60  4:18  Drone  
  60  4:22  Overlord  
  61  4:24  Zergling x4  
  61  4:26  Drone  
  61  4:28  Drone x2  
  66  4:37  Overlord  
  66  4:39  Queen  
  66  4:41  Zergling x2  
  68  4:46  Drone x2  
  68  4:48  Drone x3  
  73  4:58  Drone x2, Spore Crawler  
  73  4:59  Drone, Spore Crawler  
  74  5:02  Spore Crawler  
  74  5:05  Overlord  
  74  5:06  Drone, Zergling x2  
  74  5:07  Drone  
  76  5:09  Lair  
  76  5:11  Extractor, Drone x2  
  76  5:12  Extractor  
  76  5:14  Baneling Nest  
  75  5:15  Zergling x2  
  75  5:17  Queen  
  78  5:25  Hatchery  
  78  5:26  Drone  
  78  5:27  Drone  
  79  5:28  Drone  
  79  5:32  Zergling x2  
  79  5:33  Drone x2  
  79  5:34  Drone  
  79  5:35  Drone x2  
  86  5:39  Drone x3  
  89  5:43  Overlord  
  89  5:49  Overlord  
  89  5:50  Overlord  
  89  5:53  Evolution Chamber x2  
  89  5:56  Drone x2  
  89  5:59  Extractor  
  89  6:00  Overlord  
  89  6:01  Extractor, Overlord  
  89  6:03  Drone x2  
  89  6:07  Centrifical Hooks  
  89  6:08  Drone  
  89  6:09  Drone x4  
  94  6:12  Drone  
  94  6:13  Drone x2  
  95  6:18  Drone  
  95  6:19  Drone  
  98  6:25  Zergling x4  
  98  6:30  Zerg Melee Weapons Level 1, Zerg Ground Armor Level 1  
  99  6:33  Drone x4  
  99  6:34  Drone x2  
  99  6:35  Zergling x2  
  99  6:36  Zergling x2  
  108  6:40  Zergling x10  
  108  6:41  Baneling x8  
  112  6:47  Queen  
  112  6:48  Zergling x4  
  112  6:51  Overlord  
  112  6:53  Zergling x2  
  117  6:54  Baneling  
  117  6:57  Zergling x2  
  117  6:58  Baneling x3  
  119  7:01  Drone x2  
  119  7:03  Zergling x12  
  126  7:11  Zergling x10  
  125  7:16  Overlord  
  125  7:17  Zergling x2  
  125  7:18  Zergling x2  
  125  7:22  Baneling x10  
  127  7:28  Overlord x4  
  127  7:30  Hatchery  
  126  7:38  Zergling x16  
  133  7:46  Zergling x10  
  133  7:48  Baneling x4  
  133  7:53  Zergling x6  
  130  8:01  Zergling x10  
  130  8:04  Zergling x2  
  126  8:07  Baneling x2, Overseer  
  126  8:11  Queen x2  
  126  8:12  Queen x2  
  134  8:13  Zergling x8  
  134  8:14  Hatchery, Overseer  
  134  8:17  Zergling x4  
  139  8:24  Zergling x4  
  138  8:30  Zergling x20  
  138  8:34  Zerg Ground Armor Level 2, Zerg Melee Weapons Level 2  
  145  8:38  Baneling x11, Infestation Pit  
  141  8:46  Zergling x12  
  141  8:49  Zergling x4  
  141  8:52  Baneling  
  141  8:53  Baneling x7, Overseer  
  143  8:58  Zergling x2  
  143  8:59  Zergling x20  
  154  9:07  Zergling x2  
  154  9:08  Zergling x6  
  154  9:09  Burrow  
  156  9:18  Zergling x2  
  152  9:26  Zergling x20  
  152  9:29  Spore Crawler  
  154  9:32  Zergling x20  
  154  9:34  Hive  
  154  9:38  Drone x9  
  164  9:42  Overlord x2  
  164  9:44  Overseer  
  162  9:50  Baneling x21  
  162  9:59  Overseer  
  160  10:00  Zergling x2  
  160  10:01  Zergling x20  
  160  10:04  Baneling x4  
  171  10:10  Baneling x8, Zergling x4  
  171  10:11  Zergling x2  
  172  10:17  Overseer  
  172  10:19  Overlord  
  166  10:31  Zergling x6  
  158  10:46  Zergling x42  
  158  10:48  Overlord x6  
  171  10:56  Baneling x9  
  171  10:58  Adrenal Glands  
  171  11:01  Extractor  
  171  11:02  Drone x2, Extractor, Ultralisk Cavern  
  171  11:03  Drone  
  171  11:05  Spore Crawler  
  171  11:07  Drone x4  
  171  11:09  Zergling x38  
  193  11:18  Zergling x6  
  190  11:30  Baneling x2  
  190  11:32  Zergling x18  
  183  11:38  Zergling x32  
  192  11:43  Zergling x2  
  192  11:51  Baneling x4  
  192  11:52  Baneling x4  
  173  12:04  Ultralisk  
  173  12:05  Zergling x28  
  183  12:13  Baneling  
  183  12:14  Extractor  
  181  12:16  Drone  
  181  12:17  Drone x5, Extractor  
  181  12:22  Overseer  
  186  12:23  Baneling  
  186  12:24  Baneling x10  
  186  12:26  Hatchery  
  179  12:33  Zergling x12  
  179  12:34  Zergling x24  
Show
View Real Time Build Order
Export as new Build Order

cure Terran 

Build Orders: Reaper Expand 

Get SALT Encoding   

  12  0:00  SCV  
  13  0:12  SCV  
  14  0:17  Supply Depot  
  14  0:24  SCV  
  15  0:38  SCV  
  15  0:40  Barracks  
  16  0:44  Refinery  
  16  0:51  SCV  
  17  1:03  SCV  
  18  1:15  SCV  
  19  1:27  Orbital Command  
  19  1:28  Reaper  
  20  1:41  Command Center  
  20  1:50  Supply Depot  
  20  1:53  SCV  
  21  1:59  Marine  
  22  2:05  SCV  
  23  2:13  Factory  
  23  2:17  SCV  
  24  2:29  SCV  
  25  2:40  Command Center  
  25  2:41  SCV  
  26  2:51  Barracks Reactor  
  26  2:53  SCV  
  26  2:54  Orbital Command  
  26  2:58  Hellion  
  30  3:05  SCV  
  30  3:10  Starport  
  30  3:13  Refinery  
  30  3:17  SCV  
  30  3:19  SCV  
  32  3:29  SCV  
  32  3:30  Hellion x2  
  32  3:31  SCV  
  38  3:36  Marine  
  39  3:42  SCV  
  39  3:43  SCV  
  39  3:46  Viking  
  43  3:53  Orbital Command  
  43  3:57  SCV, Hellion x2  
  43  3:58  SCV  
  43  3:59  Barracks Tech Lab  
  49  4:06  Supply Depot  
  50  4:10  SCV x2  
  50  4:16  Liberator  
  54  4:19  SCV  
  54  4:22  SCV x2  
  57  4:29  Hellion x2, Marine  
  57  4:30  Stimpack  
  62  4:33  SCV  
  62  4:34  SCV x2  
  62  4:35  Supply Depot  
  65  4:39  Supply Depot  
  65  4:46  SCV x3  
  65  4:48  Marine  
  69  4:58  SCV x2  
  71  5:00  Orbital Command  
  71  5:01  Factory Reactor  
  71  5:03  Barracks x2  
  71  5:06  Marine  
  72  5:08  Starport Reactor  
  72  5:10  SCV x2  
  72  5:11  Refinery  
  72  5:12  Refinery  
  72  5:13  Engineering Bay  
  74  5:14  Engineering Bay  
  74  5:18  Supply Depot  
  74  5:22  SCV x2  
  74  5:23  Marine  
  77  5:28  SCV, Supply Depot  
  77  5:34  SCV x2  
  80  5:40  SCV  
  80  5:41  Terran Infantry Armor Level 1, Marine, Terran Infantry Weapons Level 1  
  82  5:46  SCV  
  83  5:51  Barracks  
  83  5:52  Barracks  
  83  5:54  Marine x2  
  83  5:55  Factory Reactor  
  85  5:57  Medivac x2  
  85  5:59  Marine  
  85  6:02  Marine  
  85  6:03  Marine  
  92  6:05  SCV x2  
  92  6:06  SCV  
  92  6:09  Supply Depot  
  92  6:10  Supply Depot  
  95  6:16  Marine x2  
  95  6:17  SCV, Marine  
  95  6:18  SCV x2, Combat Shield  
  101  6:28  Supply Depot  
  101  6:29  Supply Depot  
  101  6:30  Armory, Marine x2  
  101  6:32  Supply Depot  
  103  6:34  Marine x2  
  103  6:35  SCV, Marine  
  103  6:36  SCV  
  103  6:37  SCV  
  103  6:39  Barracks Reactor x2  
  109  6:43  Medivac  
  111  6:48  Medivac  
  111  6:49  Widow Mine x2  
  117  6:54  Marine x2  
  117  6:55  Marine x3  
  117  6:58  Supply Depot  
  122  7:04  Refinery x2  
  122  7:07  Factory  
  118  7:15  Marine x6  
  118  7:16  Marine x2  
  118  7:17  Widow Mine  
  118  7:18  Widow Mine  
  118  7:21  Marine  
  131  7:25  SCV  
  131  7:26  SCV x2  
  131  7:33  Reaper, Marine x2  
  131  7:34  Medivac x2, Supply Depot  
  128  7:48  SCV x3  
  120  8:00  Factory Tech Lab, SCV x3  
  120  8:03  Marine x4  
  120  8:04  Marine x2  
  123  8:05  Widow Mine x2  
  123  8:10  Terran Infantry Armor Level 2, Terran Infantry Weapons Level 2  
  123  8:16  Marine x3  
  123  8:17  Medivac x2  
  123  8:19  SCV  
  131  8:21  SCV x2, Marine  
  134  8:31  SCV, Marine x5  
  134  8:33  SCV  
  134  8:34  Marine  
  135  8:45  Marine x3  
  135  8:46  Widow Mine x3  
  133  8:48  Marine x2  
  133  8:49  SCV x3, Marine  
  139  8:57  Sensor Tower, Supply Depot  
  139  9:01  Supply Depot  
  139  9:05  Supply Depot  
  139  9:06  Supply Depot  
  139  9:07  Widow Mine x2, Marine x5  
  139  9:08  Widow Mine  
  150  9:22  Command Center  
  135  9:25  Marine x6  
  134  9:33  SCV x3  
  134  9:34  Widow Mine x2  
  134  9:35  Widow Mine  
  141  9:45  Marine x7  
  142  9:50  Drilling Claws  
  147  9:55  Marine x2  
  149  10:08  Marine x6, Supply Depot  
  149  10:19  Marine x3  
  149  10:20  Widow Mine x2  
  149  10:21  Widow Mine  
  150  10:25  SCV x3  
  150  10:26  Marine  
  150  10:27  Marine x3  
  149  10:37  SCV x2  
  151  10:42  Sensor Tower  
  136  10:50  SCV x3  
  137  11:04  SCV  
  137  11:05  SCV  
  137  11:07  SCV  
  140  11:15  Barracks x2  
  140  11:17  Barracks, Planetary Fortress  
  140  11:22  SCV x3  
  122  11:34  SCV x3, Marine x4  
  128  11:42  Widow Mine x3  
  121  11:48  SCV x3  
  119  12:02  Marine x2  
  119  12:03  Marine x4  
  119  12:06  SCV x3  
  119  12:07  SCV  
  119  12:08  Barracks Tech Lab x3  
  120  12:12  Marauder, Marine x2  
  109  12:18  Widow Mine x2  
  109  12:19  Widow Mine  
  109  12:20  Marine x2  
  117  12:33  Marine x2  
  117  12:34  Marauder x4, Marine x3  
  120  12:42  Marine x3  
Tags
 
Add a new tag
Caveats
  • Supply blocks, unpowered buildings, or Contaminate may cause inaccurate times.
  • Supply counts are checked every 10 seconds.